[Event "Titled Tuesday Blitz May 30 Late 2023"]
[White "Fuentes Godoy, Lilia Ivonne"]
[Black "Petrovic, Aleksa"]
[WhiteFideId "5104130"]
[BlackFideId "967629"]
[WhiteElo "2096"]
[BlackElo "2309"]
[Result "1-0"]
[Round "04"]
[TimeControl "180+2"]
[Date "2023.05.31"]
[WhiteClock "0:00:03"]
[BlackClock "0:00:19"]

1. d4 Nf6 2. c4 e6 3. Nf3 b6 4. g3 Ba6 5. Qa4 Bb7 6. Bg2 c5 7. O-O cxd4 8. Nxd4 Bxg2 9. Kxg2 Be7 10. Nc3 O-O 11. e4 Qc7 12. Bf4 Qb7 13. f3 a6 14. e5 Nh5 15. Ne4 Nxf4+ 16. gxf4 f5 17. Nd6 Bxd6 18. exd6 Nc6 19. Nxc6 dxc6 20. Rfe1 Qd7 21. Rad1 Kh8 22. c5 bxc5 23. Qc4 Rf6 24. Qxc5 Rb8 25. Rd2 h6 26. Rc2 Rc8 27. Kf1 Kh7 28. Rg2 Rd8 29. Rd1 Qb7 30. b4 Rd7 31. Rc2 Rff7 32. a3 g5 33. Qxc6 Qa7 34. Qc5 Qa8 35. Qc6 Qg8 36. Re1 gxf4 37. Rg2 Rg7 38. Rxg7+ Rxg7 39. d7 Rg1+ 40. Ke2 Qg2+ 41. Kd1 Rxe1+ 42. Kxe1 Qg1+ 43. Ke2 Qxh2+ 44. Ke1 Qg1+ 45. Ke2 Qe3+ 46. Kf1 Qd3+ 47. Kg2 Qd2+ 48. Kg1 Qe1+ 49. Kg2 Qg3+ 50. Kf1 Qh3+ 51. Ke2 Qg2+ 52. Ke1 Qg1+ 53. Ke2 Qe3+ 54. Kf1 Qd3+ 55. Kf2 Qd4+ 56. Kg2 Kg6 57. Qxe6+ Kg5 58. Qg8+ Kh4 59. Qd8+ Kh5 60. Qe8+ Kh4 61. Qe7+ Kh5 62. Qf7+ Kh4 63. Qe7+ Kh5 64. Qf7+ Kh4 65. Qxf5 Qd2+ 66. Kf1 Qd1+ 67. Kg2 Qe2+ 68. Kg1 Qe1+ 69. Kg2 Qg3+ 70. Kf1 Qxf3+ 71. Ke1 Qe3+ 72. Kd1 f3 73. Qf6+ Kg3 74. d8=Q Qe2+ 75. Kc1 f2 76. Qg8+ Qg4 77. Qxg4+ Kxg4 78. Qxf2 h5 79. Qh2 h4 80. Kc2 1-0


[Site "https://www.chess.com"]

[Event "Titled Tuesday Blitz May 30 Late 2023"]
[White "Mujumdar, Sameer"]
[Black "Delorme, Alban"]
[WhiteFideId "2029707"]
[BlackFideId "623636"]
[WhiteElo "2104"]
[BlackElo "2196"]
[Result "1-0"]
[Round "04"]
[TimeControl "180+2"]
[Date "2023.05.31"]
[WhiteClock "0:00:53"]
[BlackClock "0:00:12"]

1. d4 Nf6 2. Nf3 g6 3. Bf4 Bg7 4. Nc3 O-O 5. Qd2 d6 6. Bh6 c5 7. Bxg7 Kxg7 8. O-O-O Qa5 9. e4 Bg4 10. e5 dxe5 11. dxe5 Nfd7 12. Qf4 Bxf3 13. Qxf3 Nxe5 14. Qxb7 Nbc6 15. Qb5 Qxb5 16. Bxb5 Nd4 17. Bd3 Ng4 18. Rd2 Rad8 19. h3 Ne5 20. Re1 f6 21. f4 Nxd3+ 22. Rxd3 Kf7 23. Rde3 Rfe8 24. Ne4 Rc8 25. g4 Rc6 26. c3 Ne6 27. Rf1 Rd8 28. f5 gxf5 29. Rxf5 c4 30. Kc2 Ng7 31. Ra5 h5 32. gxh5 Rh8 33. Ng3 Rc7 34. Re4 e6 35. Ra4 Nxh5 36. Nxh5 Rxh5 37. Rexc4 Rd7 38. Rh4 Rxh4 39. Rxh4 f5 40. Rh7+ Ke8 41. Rxd7 Kxd7 42. Kd3 e5 43. c4 Ke6 44. b4 f4 45. Ke4 1-0


[Site "https://www.chess.com"]

[Event "Titled Tuesday Blitz May 30 Late 2023"]
[White "Mazurkiewicz, Michal"]
[Black "Winkels, Marcel"]
[WhiteFideId "1124943"]
[BlackFideId "1003887"]
[WhiteElo "2054"]
[BlackElo "1900"]
[Result "1-0"]
[Round "04"]
[TimeControl "180+2"]
[Date "2023.05.31"]
[WhiteClock "0:02:03"]
[BlackClock "0:00:02"]

1. e4 Nf6 2. d3 d5 3. Nd2 Nc6 4. Ngf3 e5 5. g3 Bc5 6. Bg2 O-O 7. O-O Bg4 8. c3 Qd7 9. b4 Be7 10. b5 Na5 11. Nxe5 Bxd1 12. Nxd7 Nxd7 13. Rxd1 dxe4 14. Nxe4 f5 15. Ng5 Bf6 16. Ne6 Rfc8 17. d4 Kf7 18. Bd5 c6 19. bxc6 bxc6 20. Ng5+ Kg6 21. Bf7+ Kh6 22. Nf3+ g5 23. h4 Kg7 24. Be6 Rd8 25. hxg5 Be7 26. Bf4 Rac8 27. Ne5 Nxe5 28. Bxe5+ Kg6 29. Bxc8 Rxc8 30. f4 Nc4 31. Rab1 Bf8 32. Rb7 a5 33. Rdb1 c5 34. Rb8 Rxb8 35. Rxb8 1-0


[Site "https://www.chess.com"]

[Event "Titled Tuesday Blitz May 30 Late 2023"]
[White "KorolDimitriy75"]
[Black "Maluco_do_Natal_00"]
[WhiteElo "2425"]
[BlackElo "2074"]
[Result "1-0"]
[Round "04"]
[TimeControl "180+2"]
[Date "2023.05.31"]
[WhiteClock "0:00:53"]
[BlackClock "0:00:38"]

1. d4 d5 2. c4 c6 3. Nc3 Nf6 4. e3 g6 5. Nf3 Bg7 6. h3 a6 7. Bd3 dxc4 8. Bxc4 b5 9. Bb3 c5 10. O-O cxd4 11. exd4 Bb7 12. Ne5 e6 13. Bg5 O-O 14. Qd2 b4 15. Na4 Nbd7 16. Rad1 Nxe5 17. dxe5 Qxd2 18. Bxd2 Nd5 19. Bxd5 Bxd5 20. Bxb4 Rfb8 21. Bd6 Rb5 22. b3 Rc8 23. Rc1 Rxc1 24. Rxc1 h5 25. Rc8+ Kh7 26. Rc7 Kg8 27. Nc3 Rb7 28. Nxd5 Rb5 29. Nf6+ Bxf6 30. exf6 g5 31. Be7 g4 32. Rc5 1-0


[Site "https://www.chess.com"]

[Event "Titled Tuesday Blitz May 30 Late 2023"]
[White "Stead, Kerry"]
[Black "Jakic, Ivan"]
[WhiteFideId "3202577"]
[BlackFideId "14504901"]
[WhiteElo "1997"]
[BlackElo "2370"]
[Result "0-1"]
[Round "04"]
[TimeControl "180+2"]
[Date "2023.05.31"]
[WhiteClock "0:00:24"]
[BlackClock "0:00:09"]

1. d4 Nf6 2. f3 c5 3. d5 e5 4. e4 d6 5. a4 a6 6. Na3 g6 7. Be3 Bg7 8. Qd2 O-O 9. Ne2 Nh5 10. g4 Nf4 11. Nxf4 exf4 12. Bxf4 Bxb2 13. Ra2 Bg7 14. Nc4 Nd7 15. Bxd6 Re8 16. Bd3 Ne5 17. Bxe5 Bxe5 18. Nxe5 Rxe5 19. Qf4 Qe7 20. Kd2 f6 21. Rb2 g5 22. Qg3 Qd6 23. h4 Rxd5 24. Qxd6 Rxd6 25. hxg5 c4 26. gxf6 cxd3 27. e5 Rd5 28. cxd3 Rxe5 29. Rb6 Re6 30. Rhb1 Rxb6 31. Rxb6 a5 32. g5 Ra6 33. Rb5 Kf7 34. Ke3 Kg6 35. f4 Re6+ 36. Kf3 Rd6 37. Ke3 b6 38. d4 Bd7 39. Re5 Bxa4 40. Re7 Bb3 41. Rg7+ Kf5 42. Rxh7 Re6+ 43. Kf3 Bd5+ 44. Kg3 Re3+ 45. Kf2 Rf3+ 46. Ke2 Rxf4 47. Rd7 Ke4 48. Rd6 Rg4 49. Rxb6 Rxg5 50. Kd2 a4 51. Kc3 a3 52. Ra6 a2 53. Ra5 Rf5 54. Kb2 Rf2+ 55. Kc3 Rxf6 56. Ra7 Rf2 57. Re7+ Kf5 58. Ra7 Rf1 59. Kb2 Ke4 60. Ra4 Kd3 61. Ra3+ Kxd4 62. Ra5 Rb1+ 63. Kc2 a1=Q 64. Rxa1 Rxa1 65. Kb2 Ra7 66. Kc2 Rb7 67. Kd2 Rb2+ 68. Kc1 Kc3 69. Kd1 Bc4 70. Ke1 Ra2 71. Kd1 Rg2 72. Ke1 Rh2 73. Kd1 Kd3 74. Ke1 Ke3 75. Kd1 Re2 76. Kc1 Bg8 77. Kd1 Bf7 78. Kc1 Be8 79. Kd1 Kd3 80. Kc1 Rd2 81. Kb1 Kc3 82. Kc1 Bd7 83. Kb1 Rd3 84. Kc1 Bc6 85. Kb1 Bb7 86. Ka2 Bd5+ 87. Kb1 Rd1# 0-1


[Site "https://www.chess.com"]

[Event "Titled Tuesday Blitz May 30 Late 2023"]
[White "Skaric, Djuro"]
[Black "Silva Rosas, Natalia"]
[WhiteFideId "934569"]
[BlackFideId "3000575"]
[WhiteElo "2282"]
[BlackElo "1651"]
[Result "1-0"]
[Round "04"]
[TimeControl "180+2"]
[Date "2023.05.31"]
[WhiteClock "0:00:06"]
[BlackClock "0:00:02"]

1. g3 f5 2. Bg2 Nf6 3. d3 d6 4. Nc3 g6 5. e4 fxe4 6. dxe4 e5 7. Nge2 Bg7 8. O-O O-O 9. h3 c6 10. f4 Nh5 11. f5 Qb6+ 12. Kh2 Na6 13. g4 Nf6 14. Qxd6 gxf5 15. exf5 e4 16. a3 Rd8 17. Qg3 Bf8 18. Bf4 Nc5 19. b4 Na6 20. Nxe4 Nd5 21. Be5 Qe3 22. Qxe3 Nxe3 23. Rfd1 Nxd1 24. c4 Ne3 25. c5 Nxg2 26. Kxg2 Rd7 27. Nf4 Rf7 28. Ng5 Re7 29. Bf6 Re8 30. Rd1 Nc7 31. h4 Nd5 32. Nxd5 cxd5 33. Rxd5 Re2+ 34. Kf3 Re8 35. Kf4 b6 36. c6 h6 37. Ne4 Ba6 38. b5 Bc8 39. g5 hxg5+ 40. hxg5 Bxa3 41. Bd4 Bc1+ 42. Kf3 Bxf5 43. Nf6+ Kf7 44. Rxf5 Red8 45. Nd7+ Ke6 46. Re5+ Kd6 47. g6 Rg8 48. g7 Rae8 49. Rxe8 Rxe8 50. Nf6 1-0


[Site "https://www.chess.com"]

[Event "Titled Tuesday Blitz May 30 Late 2023"]
[White "StarkyNZ"]
[Black "Gurevich, Dmitry"]
[BlackFideId "2000407"]
[WhiteElo "2299"]
[BlackElo "2506"]
[Result "1-0"]
[Round "04"]
[TimeControl "180+2"]
[Date "2023.05.31"]
[WhiteClock "0:00:40"]
[BlackClock "0:00:09"]

1. d4 d5 2. c4 e6 3. Nf3 Nf6 4. Nc3 Be7 5. e3 O-O 6. Bd3 c5 7. cxd5 exd5 8. O-O Nc6 9. h3 a6 10. a3 c4 11. Bc2 b5 12. e4 dxe4 13. Nxe4 Be6 14. Nfg5 h6 15. Nxe6 fxe6 16. Be3 Qd7 17. Nc5 Bxc5 18. dxc5 Qxd1 19. Raxd1 Nd5 20. Be4 Rad8 21. g4 Ne5 22. Bxd5 exd5 23. Kg2 Nc6 24. Bd4 Rf4 25. Be3 Re4 26. Rfe1 d4 27. Bd2 Rxe1 28. Rxe1 Rd5 29. Re8+ Kf7 30. Rc8 Ne5 31. c6 Rc5 32. c7 Ke6 33. Re8+ Kd7 34. c8=Q+ Rxc8 35. Rxe5 c3 36. bxc3 dxc3 37. Bc1 c2 38. f4 Rc3 39. Rd5+ Kc6 40. Rd2 Kc5 41. h4 Kc4 42. g5 Kb3 43. gxh6 gxh6 44. Rf2 Ka2 45. f5 Kb1 46. Bxh6 Rxa3 47. Rf1+ Ka2 48. f6 Rd3 49. f7 Rd8 50. f8=Q Rxf8 51. Rxf8 b4 52. Ra8 b3 53. Rxa6+ Kb1 54. Rb6 1-0


[Site "https://www.chess.com"]

[Event "Titled Tuesday Blitz May 30 Late 2023"]
[White "Kornyukov, Alexey"]
[Black "Prydun, Andriy"]
[WhiteFideId "4150457"]
[BlackFideId "14145898"]
[WhiteElo "2352"]
[BlackElo "2164"]
[Result "0-1"]
[Round "04"]
[TimeControl "180+2"]
[Date "2023.05.31"]
[WhiteClock "0:00:05"]
[BlackClock "0:00:04"]

1. d4 d5 2. c4 e6 3. Nc3 Nf6 4. cxd5 exd5 5. Bg5 Be7 6. e3 O-O 7. Bd3 c6 8. Qc2 Nbd7 9. Nf3 Re8 10. Bf4 Nf8 11. h3 Be6 12. O-O-O Rc8 13. g4 c5 14. Kb1 c4 15. Bf5 b5 16. g5 N6d7 17. Nxb5 Qb6 18. Nc3 Rc6 19. Rd2 Qb7 20. Ka1 Ra6 21. Ne5 Bb4 22. Nxd7 Qxd7 23. Bxe6 Nxe6 24. Be5 Rc8 25. h4 Ra5 26. e4 dxe4 27. Qxe4 Nc5 28. Qe2 Nb3+ 29. Kb1 Bxc3 30. bxc3 Qf5+ 31. Kb2 Nxd2 32. Qxd2 Rb5+ 33. Ka1 f6 34. Re1 fxe5 35. dxe5 Rcb8 36. Qd6 Rb1+ 37. Rxb1 Qxb1# 0-1


[Site "https://www.chess.com"]

[Event "Titled Tuesday Blitz May 30 Late 2023"]
[White "Smiechu"]
[Black "ritanovikova"]
[WhiteElo "2350"]
[BlackElo "2171"]
[Result "1/2-1/2"]
[Round "04"]
[TimeControl "180+2"]
[Date "2023.05.31"]
[WhiteClock "0:01:57"]
[BlackClock "0:00:24"]

1. e4 d5 2. exd5 Qxd5 3. Nf3 Nf6 4. d4 Bg4 5. Be2 e6 6. c4 Qd8 7. Nc3 c6 8. O-O Be7 9. h3 Bh5 10. Be3 O-O 11. Rc1 Nbd7 12. b3 Bg6 13. Ne5 Ba3 14. Rc2 Bxc2 15. Qxc2 Bd6 16. Ng4 Nxg4 17. Bxg4 Nf6 18. Bg5 Be7 19. Bf3 Qxd4 20. Ne4 Qe5 21. Bh4 Rfe8 22. Re1 Nxe4 23. Bxe7 Rxe7 24. Rxe4 Qa1+ 25. Kh2 g6 26. Qd2 Qf6 27. Rf4 Qe5 28. g3 Qc7 29. Rd4 Ree8 30. Qh6 Qe5 31. Qd2 Rab8 32. Re4 Qf6 33. Rf4 Qe7 34. Rh4 Qf6 35. Rf4 Qg7 36. Rd4 Qf6 37. Rf4 1/2-1/2


[Site "https://www.chess.com"]

[Event "Titled Tuesday Blitz May 30 Late 2023"]
[White "Manu_ChessExcelsior"]
[Black "Prieto Aranguren, Alain"]
[BlackFideId "2268906"]
[WhiteElo "2046"]
[BlackElo "2209"]
[Result "1-0"]
[Round "04"]
[TimeControl "180+2"]
[Date "2023.05.31"]
[WhiteClock "0:00:39"]
[BlackClock "0:00:01"]

1. e4 c6 2. d4 d5 3. e5 c5 4. dxc5 Nc6 5. f4 e6 6. Be3 d4 7. Bf2 Bxc5 8. Nf3 Nge7 9. Bd3 Nd5 10. g3 Ne3 11. Qe2 Qb6 12. c3 dxc3 13. Nxc3 Nb4 14. Be4 Nec2+ 15. Bxc2 Bxf2+ 16. Qxf2 Qxf2+ 17. Kxf2 Nxc2 18. Rac1 Nb4 19. Rhd1 O-O 20. a3 Nc6 21. Nd4 Nxd4 22. Rxd4 b6 23. Ne4 Bb7 24. Nd6 Bd5 25. Rd3 f6 26. exf6 Rxf6 27. Nb5 Raf8 28. Re3 Rh6 29. Kg1 Rhf6 30. Nc3 Bb7 31. Ne2 g5 32. Rc7 Bd5 33. Rxa7 gxf4 34. Nxf4 Ba8 35. Rxe6 Rxe6 36. Nxe6 Re8 37. Nc7 1-0


[Site "https://www.chess.com"]

[Event "Titled Tuesday Blitz May 30 Late 2023"]
[White "Ogreberbere"]
[Black "Najer, Evgeniy"]
[BlackFideId "4118987"]
[WhiteElo "2154"]
[BlackElo "2545"]
[Result "0-1"]
[Round "04"]
[TimeControl "180+2"]
[Date "2023.05.31"]
[WhiteClock "0:00:10"]
[BlackClock "0:00:22"]

1. d4 Nf6 2. c4 e6 3. g3 d5 4. Nf3 Bb4+ 5. Bd2 Be7 6. Bg2 O-O 7. O-O Nbd7 8. Bf4 dxc4 9. Nc3 Nd5 10. a4 c6 11. Ne5 Nxe5 12. Bxe5 Qa5 13. Ne4 f6 14. Bd6 Bxd6 15. Nxd6 Qb4 16. Nxc8 Raxc8 17. Qc2 c5 18. e4 Nc7 19. d5 Rcd8 20. Rfd1 exd5 21. exd5 Ne8 22. Bh3 Nd6 23. Be6+ Kh8 24. a5 f5 25. Re1 f4 26. Re5 fxg3 27. hxg3 Rf6 28. Kg2 Rdf8 29. Rh1 Rxf2+ 30. Qxf2 Rxf2+ 31. Kxf2 Qxb2+ 32. Re2 Ne4+ 33. Kf3 Ng5+ 34. Kf2 Qd4+ 35. Kg2 Qd3 36. Bg4 Qxd5+ 37. Kg1 Qd4+ 38. Kg2 g6 39. Bf3 Nxf3 40. Kxf3 Qd5+ 41. Re4 c3 42. Re1 c2 43. Kf2 Qd2+ 44. R4e2 c1=Q 0-1


[Site "https://www.chess.com"]

[Event "Titled Tuesday Blitz May 30 Late 2023"]
[White "Tomiello, Mateus Costamilan"]
[Black "Schut, Han"]
[WhiteFideId "22701958"]
[BlackFideId "1005561"]
[WhiteElo "1990"]
[BlackElo "2024"]
[Result "1-0"]
[Round "04"]
[TimeControl "180+2"]
[Date "2023.05.31"]
[WhiteClock "0:00:36"]
[BlackClock "0:00:13"]

1. e4 c5 2. Nf3 d6 3. d4 cxd4 4. Nxd4 Nf6 5. Nc3 a6 6. Bg5 e6 7. f4 Be7 8. Qf3 h6 9. Bh4 g5 10. fxg5 Nfd7 11. O-O-O Ne5 12. Qe3 hxg5 13. Bg3 Nbd7 14. Be2 Qc7 15. Rdf1 b5 16. Nf3 Bb7 17. Nxe5 Nxe5 18. Qf2 Rh7 19. Bxe5 dxe5 20. Bh5 O-O-O 21. Bxf7 b4 22. Bxe6+ Kb8 23. Nd5 Bxd5 24. Bxd5 Bc5 25. Qe2 Qb6 26. Rf5 Bd4 27. h3 Rc7 28. Rhf1 Rdc8 29. Rf8 a5 30. Rxc8+ Rxc8 31. Rf7 Rc7 32. Rf8+ Rc8 33. Rxc8+ Kxc8 34. Qg4+ Kb8 35. Qd7 Bxb2+ 36. Kxb2 Qd4+ 37. Kb3 Qc3+ 38. Ka4 Qa3+ 39. Kb5 1-0


[Site "https://www.chess.com"]

[Event "Titled Tuesday Blitz May 30 Late 2023"]
[White "Remolar Gallen, Jose"]
[Black "Martinez, Ayelen"]
[WhiteFideId "2215187"]
[BlackFideId "118702"]
[WhiteElo "2223"]
[BlackElo "2125"]
[Result "1-0"]
[Round "04"]
[TimeControl "180+2"]
[Date "2023.05.31"]
[WhiteClock "0:00:22"]
[BlackClock "0:00:01"]

1. e4 c5 2. Nf3 d6 3. d4 cxd4 4. Nxd4 Nf6 5. Nc3 a6 6. Be3 e5 7. Nb3 Be7 8. Be2 O-O 9. a4 Be6 10. O-O Nc6 11. a5 Rc8 12. Bb6 Qd7 13. Bf3 Nb4 14. Qe2 d5 15. exd5 Nfxd5 16. Rfd1 Qc6 17. Qd2 Rfd8 18. Bxd8 Rxd8 19. Nxd5 Bxd5 20. c3 h6 21. Bxd5 Rxd5 22. Qe2 Rxd1+ 23. Rxd1 Qa4 24. Qc4 Qa2 25. cxb4 Qxb2 26. Nc5 e4 27. Nxe4 Bxb4 28. Qc8+ Bf8 29. h3 Qe2 30. Nc3 Qc2 31. Re1 Qd2 32. Rf1 Qc2 33. Qc7 1-0


[Site "https://www.chess.com"]

[Event "Titled Tuesday Blitz May 30 Late 2023"]
[White "Alexikov, Alexander"]
[Black "mohsengabr2002"]
[WhiteFideId "14103958"]
[WhiteElo "2186"]
[BlackElo "2222"]
[Result "1/2-1/2"]
[Round "04"]
[TimeControl "180+2"]
[Date "2023.05.31"]
[WhiteClock "0:00:12"]
[BlackClock "0:00:55"]

1. e4 e6 2. d4 d5 3. Nc3 dxe4 4. Nxe4 Nd7 5. Nf3 Ngf6 6. Nxf6+ Nxf6 7. Ne5 c5 8. Bb5+ Bd7 9. Bxd7+ Nxd7 10. O-O Nxe5 11. dxe5 Qxd1 12. Rxd1 Be7 13. Be3 Rd8 14. c4 b6 15. f4 f6 16. exf6 gxf6 17. Bd2 Rd4 18. b3 Kf7 19. Kf2 Rhd8 20. Ke2 f5 21. Be3 R4d7 22. Rxd7 Rxd7 23. a4 Bf6 24. Rg1 h5 25. a5 Rb7 26. a6 Rd7 27. Rb1 Bd4 28. Bd2 Ke7 29. b4 Kd6 30. b5 Rg7 31. g3 h4 32. Kf3 hxg3 33. hxg3 Rh7 34. Be3 Bxe3 35. Kxe3 Rh2 36. Rd1+ Ke7 37. Rc1 Rb2 38. Kf3 Rb3+ 39. Kg2 Kf6 40. Kh3 Rb2 41. Rd1 Rc2 42. Rd7 Rxc4 43. Rxa7 Rb4 44. Rb7 Rxb5 45. a7 Ra5 46. g4 Ra3+ 47. Kh4 fxg4 48. Kxg4 c4 49. Rxb6 Rxa7 50. f5 Rc7 51. Rxe6+ Kf7 52. Re2 c3 53. Rc2 Kf6 54. Kf4 Rc4+ 55. Ke3 Kxf5 56. Kd3 Rc8 57. Rxc3 Rd8+ 58. Ke3 Re8+ 59. Kf3 Re5 60. Rc4 Ra5 61. Rb4 Ra3+ 62. Ke2 Rh3 63. Kd2 Ke5 64. Ke2 Kd5 65. Kf2 Ke5 66. Rg4 Kf5 67. Rb4 Ke5 68. Kg2 Ra3 69. Kf2 Kd5 70. Ke2 Kc5 71. Rf4 Rh3 72. Kd2 Kd5 73. Ke2 Ke5 74. Ra4 Rh2+ 75. Kf3 Rh3+ 76. Kg4 Rb3 77. Ra5+ Kd6 78. Kf4 Kc6 79. Ke4 Rh3 80. Rg5 Ra3 81. Kd4 Ra4+ 82. Kc3 Ra1 83. Rg6+ Kd5 84. Rg5+ Ke6 85. Rg6+ Kf5 86. Rd6 Rc1+ 87. Kd2 Rc8 88. Kd3 Ke5 89. Rb6 Rc1 90. Kd2 Rc8 91. Ke3 Kd5 92. Kd3 Kc5 93. Rg6 Rd8+ 94. Kc3 Rd5 95. Rg4 Rh5 96. Rg6 Rh3+ 97. Kd2 Rh1 98. Kd3 Kd5 99. Rg5+ Ke6 100. Rg3 Ra1 101. Ke4 Ra4+ 102. Kf3 Kf5 103. Rg2 Ra3+ 104. Kf2 Kf4 105. Rg8 Ra2+ 106. Ke1 Ke3 107. Rg3+ 1/2-1/2


[Site "https://www.chess.com"]

[Event "Titled Tuesday Blitz May 30 Late 2023"]
[White "Liu, Kelsey"]
[Black "Papp, Petra"]
[WhiteFideId "30944481"]
[BlackFideId "739049"]
[WhiteElo "2215"]
[BlackElo "2259"]
[Result "1-0"]
[Round "04"]
[TimeControl "180+2"]
[Date "2023.05.31"]
[WhiteClock "0:00:07"]
[BlackClock "0:00:01"]

1. d4 d5 2. Nf3 Nf6 3. Bf4 c5 4. c3 Nc6 5. e3 Qb6 6. Qb3 c4 7. Qxb6 axb6 8. Na3 Ra5 9. Bc7 Ra6 10. Nb5 Kd7 11. Ng5 Ra5 12. a4 Ne8 13. Nxf7 Nxc7 14. Nxc7 Kxc7 15. Nxh8 Be6 16. h4 b5 17. Be2 bxa4 18. h5 b5 19. h6 g5 20. Bh5 Bxh6 21. Bf7 Bxf7 22. Nxf7 Bf8 23. Rxh7 b4 24. Nxg5 Kd6 25. Kd2 a3 26. bxa3 bxa3 27. e4 a2 28. e5+ Kd7 29. Rh8 Bg7 30. Rh7 Bf8 31. f4 Na7 32. Kc2 Nb5 33. Kb2 Kc6 34. Rxa2 Rxa2+ 35. Kxa2 Nxc3+ 36. Kb2 Ne2 37. Nf3 e6 38. Rf7 Bb4 39. g4 c3+ 40. Kc2 Ng3 41. g5 Nf1 42. Ne1 Ne3+ 43. Kd3 Nf5 44. g6 c2 45. Nxc2 Ba5 46. g7 Nh6 47. Rf8 Kd7 48. g8=Q Nxg8 49. Rxg8 Ke7 50. Ra8 Bb6 51. Ra6 Bd8 52. Ra7+ 1-0


[Site "https://www.chess.com"]

[Event "Titled Tuesday Blitz May 30 Late 2023"]
[White "Osmonbekov, Talaibek"]
[Black "dodoucb"]
[WhiteFideId "2017253"]
[WhiteElo "2135"]
[BlackElo "2354"]
[Result "1-0"]
[Round "04"]
[TimeControl "180+2"]
[Date "2023.05.31"]
[WhiteClock "0:00:11"]
[BlackClock "0:00:01"]

1. d4 Nf6 2. Bf4 g6 3. Nc3 d5 4. e3 Bg7 5. h4 h5 6. Nf3 Bg4 7. Qd2 c6 8. Ne5 Nbd7 9. f3 Bf5 10. Be2 O-O 11. O-O-O Nxe5 12. Bxe5 Nd7 13. Bxg7 Kxg7 14. g4 hxg4 15. fxg4 Be6 16. e4 dxe4 17. h5 Rh8 18. hxg6 fxg6 19. d5 cxd5 20. Qd4+ Kf7 21. Rdf1+ Nf6 22. Rxh8 Qxh8 23. g5 Bf5 24. gxf6 e6 25. Nxd5 Rd8 26. Qxa7 exd5 27. Qxb7+ Rd7 28. Qc6 Qd8 29. a4 Qxf6 30. Qc5 Qe5 31. a5 Rc7 32. Qb5 e3 33. Bd3 e2 34. Rxf5+ gxf5 35. Bxe2 Qe3+ 36. Kb1 Qg1+ 37. Ka2 Qd4 38. Bd3 f4 39. a6 Kf6 40. Qb8 Qa4+ 41. Kb1 1-0


[Site "https://www.chess.com"]

[Event "Titled Tuesday Blitz May 30 Late 2023"]
[White "Szente Varga, Fruzsina"]
[Black "Palacio,Igor Da Paz"]
[WhiteFideId "712264"]
[BlackFideId "2121140"]
[WhiteElo "1994"]
[BlackElo "2126"]
[Result "1-0"]
[Round "04"]
[TimeControl "180+2"]
[Date "2023.05.31"]
[WhiteClock "0:01:33"]
[BlackClock "0:00:01"]

1. e4 d6 2. d4 Nf6 3. Nc3 g6 4. f3 c6 5. Be3 b5 6. Qd2 Nbd7 7. O-O-O Qa5 8. Kb1 b4 9. Nce2 Rb8 10. Nc1 Ba6 11. Bxa6 Qxa6 12. h4 h5 13. Nge2 Bg7 14. Rdg1 Qa4 15. g4 Nb6 16. Qd3 Qb5 17. gxh5 Nxh5 18. Qxb5 cxb5 19. Nd3 a5 20. Nef4 Nc4 21. Nxh5 Rxh5 22. Bc1 Bxd4 23. Re1 Kd7 24. Nf4 Rh7 25. h5 Rbh8 26. h6 e6 27. Nh3 Ne5 28. Ng5 Rxh6 29. Rxh6 Rxh6 30. Nxe6 Kxe6 31. Bxh6 Nxf3 32. Rd1 Be5 33. Rd5 g5 34. Rxb5 Nd2+ 35. Kc1 Nxe4 36. Rxa5 g4 37. Rb5 f5 38. Rxb4 g3 39. Be3 g2 40. Bg1 d5 41. a4 f4 42. Rb3 1-0


[Site "https://www.chess.com"]

[Event "Titled Tuesday Blitz May 30 Late 2023"]
[White "Elaisaz"]
[Black "Celestino, Rafael Teixeira"]
[BlackFideId "2108925"]
[WhiteElo "2165"]
[BlackElo "2348"]
[Result "0-1"]
[Round "04"]
[TimeControl "180+2"]
[Date "2023.05.31"]
[WhiteClock "0:00:07"]
[BlackClock "0:00:29"]

1. Nf3 Nf6 2. c4 d5 3. cxd5 Nxd5 4. g3 g6 5. Bg2 Bg7 6. Nc3 O-O 7. O-O c5 8. d3 Nc6 9. Nxd5 Qxd5 10. Nd2 Qd6 11. Nc4 Qc7 12. Be3 b5 13. Nd2 Bxb2 14. Rb1 Bd4 15. Rxb5 Ba6 16. Rb1 Rab8 17. Qa4 Bb7 18. Rxb7 Rxb7 19. Bxc6 Rb4 20. Qa6 Rb6 21. Qa4 Rb4 22. Qa6 Rb6 23. Qa4 Rb2 24. Nc4 Rxe2 25. Bf3 Rxe3 26. fxe3 Bf6 27. Rb1 h5 28. Rb7 Qd8 29. Qd7 Qa8 30. Bg2 h4 31. Rxa7 Qb8 32. Rb7 Qa8 33. Ra7 Qb8 34. Qb7 Qd8 35. Qd5 Qb8 36. Rb7 Qc8 37. Ne5 hxg3 38. hxg3 Qf5 39. Nd7 Qg4 40. Nxf8 Qd1+ 41. Kh2 e6 42. Qf3 Qa1 43. Qxf6 Qxf6 44. Nd7 Qf2 45. Nxc5 Qxe3 46. Rc7 Qh6+ 47. Kg1 Qc1+ 48. Kh2 Qh6+ 49. Kg1 Qe3+ 50. Kf1 Qe5 51. Rc8+ Kg7 52. Ne4 Qa1+ 53. Ke2 Qxa2+ 54. Kf3 Qd5 55. Rc7 Qxd3+ 0-1


[Site "https://www.chess.com"]

[Event "Titled Tuesday Blitz May 30 Late 2023"]
[White "Krzywda, Andrzej"]
[Black "rionelG"]
[WhiteFideId "1114565"]
[WhiteElo "2155"]
[BlackElo "2159"]
[Result "0-1"]
[Round "04"]
[TimeControl "180+2"]
[Date "2023.05.31"]
[WhiteClock "0:00:01"]
[BlackClock "0:00:16"]

1. c4 Nf6 2. g3 g6 3. Bg2 Bg7 4. Nf3 O-O 5. O-O d6 6. Nc3 e5 7. Rb1 Nc6 8. b4 h6 9. b5 Ne7 10. d3 c6 11. bxc6 bxc6 12. Ba3 Ne8 13. Nd2 Be6 14. Qa4 Rb8 15. Rxb8 Qxb8 16. Rb1 Qc7 17. Qa6 Bc8 18. Qa4 Bd7 19. Qb3 f5 20. Qb7 e4 21. Na4 c5 22. Qxc7 Nxc7 23. Rb7 Rc8 24. Nb2 exd3 25. Nxd3 Nc6 26. Bxc6 Bxc6 27. Rxa7 Ne6 28. e3 Ng5 29. Nf4 Rb8 30. Nb3 Nf3+ 31. Kf1 Ne5 32. Bb2 g5 33. Ne6 Bh8 34. f4 Nxc4 35. Bxh8 Kxh8 36. Kf2 g4 37. Ng7 Be4 38. Nh5 Nb2 39. Nf6 Rb7 40. Ra6 c4 41. Nd4 c3 42. Ne6 Re7 43. Rxd6 Nd3+ 44. Kf1 Rxe6 45. Rxe6 c2 0-1


[Site "https://www.chess.com"]

[Event "Titled Tuesday Blitz May 30 Late 2023"]
[White "Rodriguez Santiago, Jaime"]
[Black "Horokoskii"]
[WhiteFideId "3100898"]
[WhiteElo "2025"]
[BlackElo "2131"]
[Result "1-0"]
[Round "04"]
[TimeControl "180+2"]
[Date "2023.05.31"]
[WhiteClock "0:01:24"]
[BlackClock "0:00:56"]

1. c4 Nf6 2. Nc3 g6 3. g3 Bg7 4. Bg2 O-O 5. e4 d6 6. Nge2 Nbd7 7. d3 e5 8. O-O Nh5 9. h3 f5 10. exf5 gxf5 11. f4 exf4 12. Bxf4 Nxf4 13. Nxf4 Ne5 14. Rc1 Qg5 15. Kh2 h5 16. Ncd5 Rf7 17. Qxh5 Qxh5 18. Nxh5 Nxd3 19. Rc2 c6 20. Nxg7 Kxg7 21. Ne3 f4 22. gxf4 Nxf4 23. Rcf2 Bxh3 24. Bxh3 Re8 25. Nf5+ Rxf5 26. Bxf5 Rh8+ 27. Kg3 Nh5+ 28. Kg2 1-0


[Site "https://www.chess.com"]

[Event "Titled Tuesday Blitz May 30 Late 2023"]
[White "Oliveira, Tiago Batista"]
[Black "Sarkar, Justin"]
[WhiteFideId "2108291"]
[BlackFideId "2010011"]
[WhiteElo "1962"]
[BlackElo "2168"]
[Result "1-0"]
[Round "04"]
[TimeControl "180+2"]
[Date "2023.05.31"]
[WhiteClock "0:00:10"]
[BlackClock "0:00:01"]

1. d4 Nf6 2. c4 g6 3. Nf3 Bg7 4. Nc3 d6 5. e4 O-O 6. Be2 Nbd7 7. Be3 e5 8. Qc2 a5 9. Rd1 Ng4 10. Bg5 f6 11. Bc1 Nh6 12. dxe5 fxe5 13. Nd5 Nf7 14. h4 Nc5 15. Ng5 h6 16. Nxf7 Rxf7 17. a3 a4 18. Be3 Qf8 19. g4 Bd7 20. Nxc7 Rc8 21. Nd5 b5 22. Qb1 Rb8 23. cxb5 Bxb5 24. Nc3 Bxe2 25. Kxe2 Nb3 26. Qd3 Nd4+ 27. Bxd4 exd4 28. Qc4 1-0


[Site "https://www.chess.com"]